AoeStats
← Killshot18

Fortress

508997858Analyzed
3v3 RM · 6d ago on Sep 25, 2026· 58m 56s· 6 players
Game mode
Random Map
Map size
Large (8 player)
Population
200
Speed
Normal
Resources
Standard
Victory
Conquest
Starting age
Dark Age
Ending age
Imperial Age
RankedLock teamsTeams togetherTeam positionsShared explorationLock speedFull tech treeHidden civsTurbo modeCheats
Victory
Defeat
🇺🇸 Turks · United States
1200
+11
🇺🇸 Berbers · United States
1108
+14
🇺🇸 Danes · United States
1075
+16
1142
-17
🇺🇸 Persians · United States
1075
-14
🇨🇱 Saxons · Chile
994
-10
PAOSQLS | Nikostolich
7:14 Feudal Age
11:04 Castle Age
10:12 Double-Bit Axe
13:47 Horse Collar
14:37 Loom
19:27 Wheelbarrow
19:55 Bow Saw
20:43 Scale Barding Armor
21:01 Forging
21:15 Bloodlines
22:44 Husbandry
23:06 Chain Barding Armor
24:00 Hand Cart
26:42 Imperial Age
24:33 Stone Mining
25:03 Heavy Plow
26:58 Iron Casting
26:43 Loom
27:53 Conscription
28:26 Plate Barding Armor
28:08 Elite Mameluke
29:53 Blast Furnace
34:13 Chemistry
34:59 Ballistics
36:09 Two-Man Saw
36:01 Siege Engineers
41:28 Coinage
42:44 Banking
42:38 Fletching
43:51 Bodkin Arrow
45:01 Gold Mining
44:39 Onager
45:59 Town Watch
46:01 Siege Onager
56:58 Caravan
PAOSQLS | trufkenpiwke
4:53 Loom
8:50 Feudal Age
11:09 Double-Bit Axe
13:28 Castle Age
14:11 Loom
15:05 Wheelbarrow
14:19 Town Watch
14:13 Man-at-Arms
15:07 Long Swordsman
17:29 Forging
17:19 Scale Mail Armor
19:00 Loom
19:32 Padded Archer Armor
19:23 Fletching
29:00 Fletching
29:26 Leather Archer Armor
30:23 Bodkin Arrow
30:51 Ballistics
35:00 Leather Archer Armor
35:21 Iron Casting
35:24 Thumb Ring
35:44 Hand Cart
38:05 Horse Collar
38:23 Gold Mining
39:32 Heavy Plow
43:42 Imperial Age
42:57 Chain Mail Armor
42:30 Gambesons
42:46 Squires
46:17 Crop Rotation
45:59 Bow Saw
45:40 Stone Mining
46:30 Capped Ram
47:33 Siege Ram
50:38 Elite Varangian Guard
52:29 Gold Shaft Mining
56:30 Plate Mail Armor
AoeAuthority.com
8:05 Feudal Age
11:53 Castle Age
10:37 Double-Bit Axe
11:01 Horse Collar
12:23 Loom
13:35 Kamandaran
14:11 Crossbowman
15:33 Heavy Plow
17:00 Fletching
19:22 Bodkin Arrow
24:10 Scale Barding Armor
25:10 Bloodlines
25:28 Padded Archer Armor
25:55 Ballistics
26:15 Forging
27:17 Thumb Ring
28:22 Masonry
30:23 Wheelbarrow
30:59 Gold Mining
31:21 Light Cavalry
32:02 Husbandry
32:46 Chain Barding Armor
37:12 Imperial Age
35:17 Hand Cart
36:01 Iron Casting
36:27 Leather Archer Armor
37:19 Caravan
38:12 Hoardings
37:28 Town Watch
39:33 Chemistry
39:11 Architecture
38:55 Hussar
42:26 Blast Furnace
42:02 Plate Barding Armor
41:31 Cavalier
43:43 Town Patrol
46:03 Savar
57:46 Scale Mail Armor
Empire
1:20 Loom
7:52 Feudal Age
12:48 Castle Age
11:45 Padded Archer Armor
11:33 Double-Bit Axe
18:18 Horse Collar
21:29 Fortified Wall
22:35 Fervor
26:24 Gold Mining
31:27 Imperial Age
29:39 Wheelbarrow
30:57 Leather Archer Armor
30:56 Bow Saw
30:48 Heavy Plow
31:40 Hand Cart
32:13 Masonry
32:31 Bombard Tower
32:34 Conscription
32:21 Elite Janissary
33:03 Fletching
33:45 Architecture
33:50 Bloodlines
33:40 Husbandry
33:37 Town Watch
34:29 Gold Shaft Mining
33:44 Stone Mining
34:25 Bodkin Arrow
35:03 Ring Archer Armor
34:40 Caravan
34:56 Bodkin Arrow
35:26 Guilds
36:34 Two-Man Saw
35:02 Heavy Camel Rider
36:03 Scale Barding Armor
36:09 Forging
36:37 Bracer
37:00 Artillery
38:36 Chain Barding Armor
38:51 Iron Casting
40:26 Plate Barding Armor
46:43 Blast Furnace
48:00 Caravan
50:46 Sipahi
50:50 Ballistics
Killshot18
7:49 Feudal Age
9:28 Horse Collar
11:59 Castle Age
11:54 Double-Bit Axe
13:26 Heavy Plow
17:07 Wheelbarrow
22:30 Fletching
22:40 Padded Archer Armor
25:29 Hand Cart
25:00 Loom
27:07 Kasbah
27:02 Town Watch
30:21 Imperial Age
27:49 Bodkin Arrow
29:29 Ballistics
29:49 Leather Archer Armor
30:28 Thumb Ring
32:44 Elite Genitour
34:15 Bracer
38:49 Siege Engineers
40:36 Chemistry
40:41 Gold Mining
45:33 Elite Camel Archer
47:30 Gold Shaft Mining
46:46 Stone Mining
49:51 Light Cavalry
50:41 Bloodlines
50:32 Husbandry
54:49 Forging
54:45 Scale Barding Armor
55:11 Ring Archer Armor
57:13 Maghrebi Camels
58:14 Iron Casting
58:00 Chain Barding Armor
VladTheMegabonk
6:30 Feudal Age
7:27 Feudal Age
11:16 Castle Age
9:05 Arson
9:23 Scale Mail Armor
9:28 Double-Bit Axe
10:28 Horse Collar
11:45 Forging
22:04 Chain Mail Armor
23:51 Squires
27:53 Iron Casting
28:38 Wheelbarrow
29:24 Gold Mining
29:25 Stone Mining
34:30 Fletching
37:27 Imperial Age
35:03 Padded Archer Armor
35:50 Bow Saw
37:28 Bodkin Arrow
40:56 Imperial Age
39:33 Leather Archer Armor
41:26 Thumb Ring
41:24 Cranequins
43:23 Ballistics
44:51 Heavy Mounted Crossbowman
46:08 Bracer
47:36 Chemistry
48:57 Hand Cart
51:05 Heavy Plow
51:46 Caravan
53:25 Ring Archer Armor
56:04 Plate Mail Armor
56:34 Blast Furnace
56:26 Bloodlines
56:17 Husbandry
56:25 Pikeman
58:18 Halberdier
Connection lost

Rejoining the realm…

Still unreachable

The connection could not be restored.

Session expired

The server has moved on; the page needs a fresh start.